 Dungeon Crawl Stone Soup version 0.30-a0-652-gcc886f7154 (webtiles) character file.

Game seed: 15516919334052557034

36 Orangeyouglad the Ogre Mage (level 3, 0/31 HPs)
             Began as an Ogre Hedge Wizard on Jan 17, 2023.
             Succumbed to an adder's poison
             ... on level 2 of the Dungeon.
             The game lasted 00:05:58 (1561 turns).

Orangeyouglad the Ogre Mage (Ogre Hedge Wizard)     Turns: 1561, Time: 00:05:59

Health: 0/31       AC:  3    Str: 14    XL:     3   Next: 37%
Magic:  3/8        EV:  9    Int: 17    God:
Gold:   82         SH:  0    Dex:  8    Spells: 4/9 levels left

rFire   . . .      SeeInvis .    l - +0 mace
rCold   . . .      Faith    .    (no shield)
rNeg    . . .      Spirit   .    b - +0 robe
rPois   .          Reflect  .    c - +0 hat
rElec   .          Harm     .    (no cloak)
rCorr   .          Rampage  .    (gloves unavailable)
Will    .....                    (boots unavailable)
Stlth   +                        (no amulet)
HPRegen 0.25/turn                (no ring)
MPRegen 0.11/turn                (no ring)

@: lethally poisoned (0 -> -5), attractive, on blink cooldown
A: large, unfitting armour, tough skin 1
a: no special abilities


You were on level 2 of the Dungeon.
You visited 1 branch of the dungeon, and saw 2 of its levels.

You collected 82 gold pieces.

Inventory:

Hand Weapons
 l - a +0 mace (weapon)
Armour
 b - a +0 robe (worn)
 c - a +0 hat (worn)
Scrolls
 f - a scroll of magic mapping {unknown}
 g - 2 scrolls of enchant armour {unknown}
 h - 2 scrolls of amnesia {unknown}
Potions
 d - a potion of magic
 e - a potion of berserk rage {unknown}
 i - a potion of attraction
 k - a potion of might {unknown}


   Skills:
 + Level 2.1 Dodging
 - Level 1.4 Stealth
 + Level 3.9 Spellcasting
 + Level 1.4 Conjurations
 + Level 1.4 Summonings
 + Level 1.4 Translocations


You had 4 spell levels left.
You knew the following spells:

 Your Spells              Type           Power      Damage    Failure   Level
a - Magic Dart            Conj           32%        1d4       9%          1
b - Blink                 Tloc           16%        N/A       14%         2
c - Call Imp              Summ           8%         N/A       14%         2

Your spell library contained the following spells:

 Spells                   Type           Power      Damage    Failure   Level
 Slow                     Hex            12%        N/A       16%         1
 Cigotuvi's Dreadful Rot  Necr/Pois/Air  6%         N/A       24%         2
 Mephitic Cloud           Conj/Pois/Air  4%         N/A       36%         3


Dungeon Overview and Level Annotations

Branches:
Dungeon (2/15)

Altars:

Annotations:
D:2 Sigmund


Innate Abilities, Weirdness & Mutations

You are too large for most types of armour.
You have tough skin. (AC +1)


Message History

Casting: Call Imp (safe; 14% risk of failure)
Confirm with . or Enter, or press ? or * to list all spells.
You miscast Call Imp.
You are very lightly contaminated with residual magic.
Nothing appears to happen.
You feel sick. The adder barely misses you. The adder bites you.
You are more poisoned.
The adder poisons you!
You miss the adder.
You feel very sick. The adder bites you.
You are more poisoned.
The adder poisons you! The adder barely misses you.
Casting: Call Imp (safe; 14% risk of failure)
Confirm with . or Enter, or press ? or * to list all spells.
A beastly little devil appears in a puff of flame.
You feel very sick. The adder bites you but does no damage.
You miss the adder.
You feel sick. The adder bites you.
Your crimson imp barely misses the adder.
The adder bites you.
You barely miss the adder.
You feel very sick. The adder bites you.
* * * LOW HITPOINT WARNING * * *
Your crimson imp hits the adder.
The adder closely misses you.
You feel sick.
Your crimson imp blinks!
Sorry, you're not good enough to have a special ability.
Okay, then.
Casting: Call Imp (safe; 14% risk of failure)
Confirm with . or Enter, or press ? or * to list all spells.
You blink.
You feel sick. The adder bites you.
* * * LOW HITPOINT WARNING * * *
You are more poisoned.
The adder poisons you!
Your magical contamination has completely faded away.
It was a potion of attraction.
You feel attractive to monsters.
You die...

............
...........
#....#.....
#....#....
#.......
#.....#
###.....#
####.......#
#@[...5.##.#
#S##.#..##.#
#.##.#..##.##
#.##.#.....<#
#.##.#..##.##
#.......##.#
####.#.###.#
#.... ... #.#
..#


You could see an adder (ally target) and a friendly crimson imp (summoned).

Vanquished Creatures
  A dart slug (D:1)
  3 ball pythons
  2 endoplasms (D:1)
  2 giant cockroaches
  4 goblins (D:1)
  A hobgoblin (D:1)
  3 quokkas (D:1)
  A frilled lizard (D:1)
  2 kobolds (D:1)
  2 rats (D:1)
21 creatures vanquished.

Vanquished Creatures (collateral kills)
  An adder (D:2)
1 creature vanquished.

Vanquished Creatures (others)
  3 plants (D:1)
3 creatures vanquished.

Grand Total: 25 creatures vanquished

Notes
Turn   | Place    | Note
-------+----------+-------------------------------------------
     0 | D:1      | Orangeyouglad the Ogre Hedge Wizard began the quest for the
                  | Orb.
     0 | D:1      | Reached XP level 1. HP: 16/16 MP: 5/5
    51 | D:1      | Reached skill level 1 in Conjurations
    51 | D:1      | Reached skill level 1 in Summonings
    51 | D:1      | Reached skill level 1 in Translocations
   154 | D:1      | Reached XP level 2. HP: 13/24 MP: 1/6
   260 | D:1      | Found a faded altar of an unknown god.
  1306 | D:1      | Learned a level 2 spell: Blink
  1311 | D:1      | Learned a level 2 spell: Call Imp
  1320 | D:1      | Reached XP level 3. HP: 23/31 MP: 8/8
  1434 | D:2      | Noticed Sigmund
  1560 | D:2      | HP: 1/31 [adder (3)]
  1561 | D:2      | Succumbed to an adder's poison

Illustrated notes

Levels and vault maps discovered:
D:1:      minmay_arrival_stone_box, layout_loops_ring, serial_bayou,
          serial_bayou_pond_c, serial_bayou_pond_a, serial_bayou_ford_a,
          serial_bayou_lake_a, shapermc_ecumenical_altar_flowoftime,
          minivault_11
D:2:      layout_basic, uniq_sigmund, uniq_natasha

Skill      XL: |  1  2 |
---------------+-------+-----
Conjurations   | 1 |  1.4
Summonings     | 1 |  1.4
Translocations | 1 |  1.4
Dodging        | 2 |  2.1
Stealth        | |  1.4
Spellcasting   | |  3.9

Action                   || total
-------------------------++-------
Melee: Dagger            ||    57
       Mace              ||    20
       Long sword        ||     2
       Punch             ||     2
 Cast: Magic Dart        ||    37
       Call Imp          ||     2
       Blink             ||     1
  Use: Potion            ||     1
Armor: Robe              ||    16
Dodge: Dodged            ||    38

Table legend: (Time is in decaauts)
 A = Elapsed time spent in this place.
 B = Non-inter-level travel time spent in this place.
 C = Inter-level travel time spent in this place.
 D = Time resting spent in this place.
 E = Time spent auto-exploring this place.
 F = Levels seen in this place.
 G = Mean time per level.
                   A        B        C        D        E       F      G
               +--------+--------+--------+--------+--------+-----+--------+
         Total |   1568 |   1455 |    113 |      0 |   1128 |   2 |  784.0 |
       Dungeon |   1568 |   1455 |    113 |      0 |   1128 |   2 |  784.0 |
               +--------+--------+--------+--------+--------+-----+--------+

Top non-repeatable levels by time:
     D:1: 1442 daAuts
     D:2: 126 daAuts
